 Dungeon Crawl Stone Soup version 0.31-a0-112-gdf0485fa37 (webtiles) character file.

Game seed: 6050851671983140331

491057 greasedhog the Intangible (level 25, -2/234 HPs)
             Began as a Merfolk Fighter on May 28, 2023.
             Was a High Priest of Okawaru.
             Slain by a vault warden
             ... wielding a +0 dire flail
              (28 damage)
             ... on level 3 of the Abyss on May 29, 2023.
             The game lasted 02:04:35 (54178 turns).

greasedhog the Intangible (Merfolk Fighter)        Turns: 54178, Time: 02:04:36

Health: -2/234     AC: 18    Str: 31      XL:     25   Next: 4%
Magic:  33/33      EV: 26    Int:  5 (8)  God:    Okawaru [*****.]
Gold:   3328       SH: 10    Dex: 14      Spells: 35/37 levels left

rFire   + + +        a - +8 demon trident "Rift" {distort, reach+}
rCold   + . .        M - +3 buckler of Submission {rF++ Str+3}
rNeg    . . .        D - +0 steam dragon scales
rPois   +            O - +0 helmet
rElec   +            t - +1 cloak {Will+}
rCorr   +            d - +1 pair of gloves of Fashionability {rElec rF+++ Int-2 SInv}
SInv    +            C - +1 pair of boots of Okawaru's Delight {Drain Str+7 Slay+4}
Will    ++...        B - amulet "Uruz Suo" {rElec rPois Regen+ rCorr Str-4 Slay-3}
Stlth   +            n - ring of protection from cold
HPRegen 0.00/turn    w - +4 ring of slaying
MPRegen 0.23/turn

%: no passive effects
@: about to teleport, finesse-ful, sick, studying Staves
A: (nimble swimmer 2), mertail
}: 2/15 runes: decaying, gossamer
a: Renounce Religion, Heroism, Finesse, Duel


You were on level 3 of the Abyss.
You worshipped Okawaru.
Okawaru was extremely pleased with you.
You visited 9 branches of the dungeon, and saw 42 of its levels.
You visited the Abyss 1 time.
You also visited: Sewer, Bailey and Ice Cave.

You collected 5130 gold pieces.
You spent 1802 gold pieces at shops.

Inventory:

Hand Weapons
 a - the +8 demon trident "Rift" (weapon) {distort, reach+}
   (You bought it in a shop on level 2 of the Orcish Mines)
 b - the +8 spear of Cataclysm {antimagic, +Blink rN+ Str+3 Int-5}
   (Okawaru gifted it to you on level 4 of the Vaults)

   Str:       It affects your strength (+3).
   Int:       It affects your intelligence (-5).
   rN:        It protects you from negative energy.
   +Blink:    It lets you blink.
Missiles
 H - 8 curare-tipped darts (quivered)
 U - a throwing net
Armour
 d - the +1 pair of gloves of Fashionability (worn) {rElec rF+++ Int-2 SInv}
   (You acquired it on level 2 of the Orcish Mines)

   Int:       It affects your intelligence (-2).
   rF:        It renders you almost immune to fire.
   rElec:     It insulates you from electricity.
   SInv:      It lets you see invisible.
 t - a +1 cloak of willpower (worn)
 C - the +1 pair of boots of Okawaru's Delight (worn) {Drain Str+7 Slay+4}
   (Okawaru gifted it to you on level 2 of the Vaults)

   Str:       It affects your strength (+7).
   Slay:      It affects your accuracy & damage with ranged weapons and melee
   (+4).
   Drain:     It drains your maximum health when unequipped.
 D - +0 steam dragon scales (worn)
 M - the +3 buckler of Submission (worn) {rF++ Str+3}
   (Okawaru gifted it to you on level 1 of the Lair of Beasts)

   Str:       It affects your strength (+3).
   rF:        It greatly protects you from fire.
 O - a +0 helmet (worn)
Jewellery
 n - a ring of protection from cold (left hand)
 w - a +4 ring of slaying (right hand)
 B - the amulet "Uruz Suo" (around neck) {rElec rPois Regen+ rCorr Str-4 Slay-3}
   (You found it in a bailey)

   [amulet of regeneration]

   Str:       It affects your strength (-4).
   Slay:      It affects your accuracy & damage with ranged weapons and melee
   (-3).
   rElec:     It insulates you from electricity.
   rPois:     It protects you from poison.
   Regen:     It increases your rate of health regeneration.
   rCorr:     It protects you from acid and corrosion.
 E - a +5 ring of evasion
 F - a ring of positive energy
 J - an amulet of reflection
 K - a ring of resist corrosion
 V - a ring of protection from cold
Wands
 j - a wand of mindburst (17)
 p - a wand of polymorph (14)
 r - a wand of paralysis (36)
 z - a wand of iceblast (34)
 I - a wand of flame (114)
 S - a wand of digging (8)
 Y - a wand of light (17)
Scrolls
 c - 3 scrolls of brand weapon
 f - 7 scrolls of magic mapping
 i - 8 scrolls of amnesia
 l - 7 scrolls of enchant weapon
 o - 10 scrolls of fear
 q - 7 scrolls of teleportation
 s - 5 scrolls of silence
 v - 12 scrolls of enchant armour
 y - 8 scrolls of fog
 A - 13 scrolls of identify
 G - 2 scrolls of immolation
 P - 5 scrolls of poison
 W - a scroll of blinking
Potions
 e - 5 potions of brilliance
 g - 4 potions of enlightenment
 h - 11 potions of curing
 k - 9 potions of haste
 m - 2 potions of invisibility
 u - 6 potions of mutation
 x - 5 potions of attraction
 L - 7 potions of cancellation
 N - 3 potions of lignification
 Q - 4 potions of heal wounds
 R - 7 potions of magic
 T - 7 potions of might
 X - a potion of resistance
 Z - 5 potions of ambrosia


   Skills:
 O Level 27 Fighting
 - Level 14.4 Polearms
 * Level 15.4 Armour
 O Level 27 Dodging
 + Level 13.5 Shields
 * Level 6.8 Spellcasting
 - Level 6.0 Transmutations
 - Level 12.0 Invocations


You had 35 spell levels left.
You knew the following spells:

 Your Spells              Type           Power      Damage    Failure   Level
a - Wereblood             Tmut           7%         N/A       3%          2

Your spell library contained the following spells:

 Spells                   Type           Power      Damage    Failure   Level
 Sting                    Tmut/Pois      16%        1d3       9%          1
 Spider Form              Tmut/Pois      4%         N/A       26%         3
 Kiss of Death            Conj/Necr      4%         2d5       28%         1
 Slow                     Hex            4%         N/A       28%         1
 Ignite Poison            Fire/Tmut/Pois 3%         N/A       36%         3
 Cigotuvi's Dreadful Rot  Necr/Pois/Air  2%         N/A       41%         2
 Ensorcelled Hibernation  Hex/Ice        2%         N/A       41%         2
 Lesser Beckoning         Tloc           2%         N/A       41%         2
 Poisonous Vapours        Pois/Air       2%         N/A       41%         2
 Searing Ray              Conj           2%         2d4       41%         2
 Sublimation of Blood     Necr           1%         N/A       41%         2
 Blade Hands              Tmut           3%         N/A       54%         5
 Ice Form                 Ice/Tmut       4%         N/A       63%         4
 Petrify                  Tmut/Erth      4%         N/A       63%         4
 Confusing Touch          Hex            1%         N/A       65%         3
 Dazzling Flash           Conj/Hex       2%         N/A       65%         3
 Frozen Ramparts          Ice            2%         1d1       65%         3
 Inner Flame              Hex/Fire       1%         N/A       65%         3
 Ozocubu's Armour         Ice            1%         N/A       65%         3
 Portal Projectile        Hex/Tloc       2%         N/A       65%         3
 Vampiric Draining        Necr           1%         2d6       65%         3
 Irradiate                Conj/Tmut      2%         3d12      93%         5
 Yara's Violent Unravell  Hex/Tmut       2%         3d3       93%         5
 Anguish                  Hex/Necr       0%         N/A       96%         4
 Dispel Undead            Necr           1%         3d6       96%         4
 Flame Wave               Conj/Fire      1%         2d4       96%         4
 Leda's Liquefaction      Hex/Erth       0%         N/A       96%         4
 Olgreb's Toxic Radiance  Pois           1%         N/A       96%         4
 Sticky Flame             Conj/Fire      1%         2d3       96%         4
 Agony                    Necr           1%         N/A       100%        5
 Metabolic Englaciation   Hex/Ice        0%         N/A       100%        5
 Silence                  Hex/Air        0%         N/A       100%        5
 Statue Form              Tmut/Erth      2%         N/A       100%        6
 Ozocubu's Refrigeration  Ice            0%         4d7       100%        7
 Ignition                 Fire           0%         3d3       100%        8
 Call Canine Familiar     Summ           Unusable   N/A       N/A         3
 Summon Guardian Golem    Hex/Summ       Unusable   N/A       N/A         3
 Animate Armour           Summ/Erth      Unusable   N/A       N/A         4
 Summon Ice Beast         Ice/Summ       Unusable   N/A       N/A         4
 Summon Lightning Spire   Summ/Air       Unusable   N/A       N/A         4
 Death Channel            Necr           Unusable   N/A       N/A         6
 Simulacrum               Ice/Necr       Unusable   N/A       N/A         6
 Summon Hydra             Summ           Unusable   N/A       N/A         7

Dungeon Overview and Level Annotations

Branches:
Dungeon (15/15)            Temple (1/1) D:6            Lair (5/5) D:11
  Swamp (4/4) Lair:3       Spider (4/4) Lair:2        Slime (0/5) Lair:5
    Orc (2/2) D:9             Elf (2/3) Orc:2        Vaults (5/5) D:14
  Crypt (0/3) Vaults:2     Depths (4/4) D:15            Zot (0/5) Depths:4
  Sewer (visited)          Bailey (visited)           IceCv (visited)

Altars:
Ashenzari
Cheibriados
Dithmenos
Elyvilon
Fedhas
Gozag
Hepliaklqana
Kikubaaqudgha
Makhleb
Nemelex Xobeh
Okawaru
Qazlal
Ru
Sif Muna
Trog
Uskayaw
Vehumet
Wu Jian
Xom
Yredelemnul
Zin
The Shining One
Jiyva
Lugonu

Shops:
D:1 ?   D:3 =   Orc:2 ((*=   Elf:2 *   Depths:1 **

Portals:
Hell: Depths:1 Depths:2 Depths:3 Depths:4
Abyss: Depths:1 Depths:3
Pandemonium: Depths:2
Ziggurat: Depths:1

Annotations:
Abyss:1 Nikola


Innate Abilities, Weirdness & Mutations

((You are very nimble when in or above water. (Stealth+, EV+, Speed+++)))
Your lower body shifts to a powerful aquatic tail in water.


Message History

The vault warden is heavily wounded.
You hit the vault warden.
The vault warden is heavily wounded.
The vault warden attacks as you move away!
The vault warden completely misses you.
The glowing orange brain pulsates.
You feel dopey. Something feeds on your intellect!
Items here: ) [[ †.
You barely miss the vault warden.
The vault warden is heavily wounded.
You're too confused to move!
The vault warden hits you with a +0 dire flail!
* * * LOW HITPOINT WARNING * * *
Strange energies crackle from the ironbound thunderhulk's apparatus.
The ironbound thunderhulk blinks!
Unknown command.
You closely miss the vault warden.
The vault warden is heavily wounded.
You feel less invigorated.
You feel less confused.
The thrashing horror roars!
The vault warden hits you with a +0 dire flail!!
* * * LOW HITPOINT WARNING * * *
You hear a bark! x2
You feel much better.
A raiju comes into view.
You block the iron troll's attack. The iron troll claws you!
* * * LOW HITPOINT WARNING * * *
The iron troll misses you. The vault warden barely misses you.
As you read the scroll of teleportation, it crumbles to dust.
You feel strangely unstable.
You feel the power of the Abyss delaying your translocation!
You are no longer corroded.
The vault warden closely misses you.
You feel better. The iron troll bites you.
* * * LOW HITPOINT WARNING * * *
You block the iron troll's attack. The iron troll closely misses you.
The vault warden hits you with a +0 dire flail!!
You die... ....... h...... ...∩∩.. .h∩h... .hG∩xu.
CXXh...

.
##uo..x
. .##p#
#.#@##
#T##
....O#
...#
.....
....
... ...
##


You could see a brown very ugly thing, a fire giant, an iron troll, a vault
warden, an ironbound thunderhulk, an orc knight (sheltered), a white ugly thing,
a glowing orange brain, 2 thrashing horrors, 4 raiju and a small abomination.

Vanquished Creatures
  A juggernaut (Depths:2)
  2 caustic shrikes (Depths:2)
  A golden dragon (Depths:4)
  Arachne (Spider:3)
  2 liches
  The ghost of Joll the Tortoise, an adept FoRe of Jiyva (Vaults:3)
  A deep elf master archer (Depths:3)
  2 quicksilver dragons
  4 titans
  12 sphinxes
  Frances (Arena)
  A thorn hunter (Swamp:4)
  Kirke (D:15)
  6 tengu reavers
  9 fire giants
  Roxanne (Arena)
  Donald (Abyss:3)
  4 storm dragons
  A fenstrider witch (Swamp:2)
  2 emperor scorpions
  A ghost moth (Spider:3)
  A curse skull (Vaults:2)
  10 frost giants
  Aizul (Lair:3)
  A deep elf sorcerer (Elf:1)
  Louise (Abyss:3)
  An iron dragon (Abyss:3)
  11 vault wardens
  A draconian annihilator (Depths:4)
  6 spriggan defenders
  4 orc warlords
  17 ironbound preservers
  A war gargoyle (Vaults:4)
  10 ironbound thunderhulks
  8 very ugly things
  A draconian stormcaller (Depths:4)
  2 formless jellyfish (Vaults:4)
  2 vampire knights
  9 stone giants
  A deep elf demonologist (Arena)
  An eleionoma (Swamp:1)
  Nessos (Lair:4)
  A deep elf annihilator (Elf:2)
  2 bunyips
  A white draconian (Depths:4)
  2 green draconians (Depths:4)
  The ghost of Monarks the Impaler, a journeyman MfMo of Hepliaklqana (Lair:1)
  9 dire elephants
  3 spark wasps
  An eidolon (Vaults:2)
  14 fire dragons
  A crystal guardian (Vaults:4)
  A deep elf high priest (Vaults:5)
  6 ettins
  Josephine (Swamp:1)
  4 entropy weavers
  8 rakshasas
  3 yaktaur captains
  33 vault guards
  2 hell beasts
  A peacekeeper (Vaults:4)
  A shambling mangrove (Swamp:3)
  4 ice dragons
  4 great orbs of eyes (Vaults:4)
  24 hydras
  11 spriggan air magi
  The ghost of Xesmix the Bewitcher, a journeyman FeEn of Uskayaw (D:14)
  2 ghost crabs
  A jorogumo (Spider:3)
  A catoblepas (Lair:5)
  A catoblepas (shapeshifter) (Vaults:1)
  9 boulder beetles
  9 death yaks
  3 radroaches
  6 ogre magi
  8 centaur warriors
  12 ironbound frosthearts
  20 dancing weapons
  5 alligators
  17 two-headed ogres
  10 deep troll shamans
  3 vampire magi (Depths:2)
  10 deep troll earth magi
  3 sun demons (Depths:2)
  11 tengu warriors
  4 spriggan berserkers
  Sonja (Lair:3)
  9 spriggans
  Nergalle (Lair:3)
  A wretched star (Abyss:3)
  A hell knight (Vaults:5)
  An iron troll (shapeshifter) (D:14)
  12 deep elf knights
  A deep troll (shapeshifter) (Vaults:1)
  7 iron trolls
  3 skysharks
  3 goliath frogs
  8 pharaoh ants
  A death drake (shapeshifter) (Depths:2)
  3 skeletal warriors (D:14)
  4 sun moths
  A golden dragon zombie (Depths:1)
  A sixfirhy (Depths:2)
  52 deep trolls
  11 bog bodies
  10 orb spiders
  10 wizards
  2 flayed ghosts
  7 swamp dragons
  2 spriggan druids
  8 steelbarb worms
  3 glowing orange brains
  Pikel (D:5)
  11 deep elf archers
  9 orc knights
  2 necromancers
  9 ironbound convokers
  3 lindwurms
  A harpy (Elf:2)
  26 deep elf pyromancers
  10 deep elf zephyrmancers
  40 ugly things
  3 orc sorcerers (Orc:1)
  A wolf spider (shapeshifter) (D:14)
  6 will-o-the-wisps
  A fire giant zombie (Depths:1)
  15 wolf spiders
  5 manticores (Elf:2)
  A moth of wrath (shapeshifter) (Vaults:1)
  4 cyclopes
  13 elephants
  3 moths of wrath
  A black mamba (shapeshifter) (Depths:2)
  3 black mambas
  A fire giant skeleton (Depths:1)
  14 vault sentinels
  2 centaur zombies (D:14)
  2 gargoyles (D:11)
  3 torpor snails
  2 demonic crawlers
  16 cane toads
  An ice statue (IceCv)
  7 rime drakes
  A hellion (Depths:2)
  Maggie (D:8)
  A freezing wraith (D:11)
  A kobold demonologist (D:12)
  An efreet (D:10)
  7 komodo dragons
  A yaktaur zombie (Vaults:3)
  A red devil (Depths:2)
  A yaktaur (shapeshifter) (Vaults:5)
  An ice devil (Depths:2)
  30 yaktaurs
  8 tengu conjurers
  An ancient zyme (Abyss:3)
  A queen bee (shapeshifter) (Depths:2)
  9 trolls
  10 meliai
  9 tyrant leeches
  2 bloated husks
  A hellwing (Abyss:3)
  12 dream sheep
  8 polar bears
  18 tarantellas
  5 hornets
  2 raiju (Abyss:3)
  20 blink frogs
  24 slime creatures
  20 jumping spiders
  A dream sheep (shapeshifter) (Vaults:4)
  6 air elementals
  A shadow (D:12)
  A slime creature (shapeshifter) (Depths:4)
  4 water elementals
  12 culicivoras
  4 wyverns
  A vampire (D:14)
  66 yaks
  2 ynoxinuls
  11 wraiths
  3 hogs
  4 humans
  3 basilisks
  A fire elemental (Elf:1)
  3 steam dragons
  10 vampire mosquitoes
  A neqoxec (Depths:2)
  A chaos spawn (Depths:2)
  45 redbacks
  16 two-headed ogre zombies (Orc:1)
  A swamp worm (shapeshifter) (Vaults:5)
  9 swamp worms
  4 wargs
  2 hell hounds (Elf:2)
  3 sky beasts (D:11)
  9 water moccasins
  3 floating eyes (Depths:2)
  34 orc warriors
  15 swamp drakes
  2 black bears
  26 ogres
  38 wolves
  3 boggarts (Vaults:4)
  33 centaurs
  A phantom (D:4)
  5 kobold brigands (D:8)
  2 human zombies
  11 bullfrogs
  2 earth elementals
  2 gnoll sergeants
  4 scorpions
  21 wights
  9 killer bees
  13 electric eels
  5 howler monkeys
  2 lava snakes (Lair:5)
  8 jellies
  5 hounds
  16 orc priests
  4 gnoll boudas
  A sleepcap (D:8)
  Terence (D:2)
  5 iguanas
  19 orc wizards
  33 gnolls
  14 adders
  2 shadow imps
  2 white imps
  A worm (D:2)
  2 dart slugs
  89 orcs
  9 ball pythons
  3 bats
  18 endoplasms
  9 giant cockroaches
  10 goblins
  8 hobgoblins
  7 jackals
  8 kobolds
  12 quokkas
  5 frilled lizards
  A jackal skeleton (D:7)
  A kobold zombie (D:7)
  3 rats
1745 creatures vanquished.

Vanquished Creatures (others)
  A stone giant (Abyss:3)
  2 deep elf knights
  An orb spider (Spider:3)
  A bloated husk (Swamp:2)
  A spriggan (Swamp:4)
  A wyvern (Elf:2)
  A basilisk (D:14)
  A redback (Spider:4)
  A killer bee (D:8)
  A lava snake (Lair:5)
  An orc priest (Vaults:5)
  A goblin (D:4)
  32 foxfires
45 creatures vanquished.

Grand Total: 1790 creatures vanquished

Notes
Turn   | Place    | Note
-------+----------+-------------------------------------------
     0 | D:1      | greasedhog the Merfolk Fighter began the quest for the Orb.
     0 | D:1      | Reached XP level 1. HP: 18/18 MP: 1/1
   134 | D:1      | Reached XP level 2. HP: 11/24 MP: 2/2
   561 | D:1      | Reached XP level 3. HP: 22/30 MP: 3/3
   612 | D:1      | Found The Oracle's Delphic Readings.
   824 | D:2      | Noticed Terence
   855 | D:2      | Killed Terence
   959 | D:2      | Reached XP level 4. HP: 37/37 MP: 4/4
  1011 | D:2      | Reached skill level 5 in Polearms
  1013 | D:2      | Identified the +0 robe "Wuevver" {*Slow rF+ Str+3}
  1717 | D:3      | Found Quolatt's Jewellery Boutique.
  1957 | D:3      | Reached XP level 5. HP: 38/43 MP: 5/5
  1975 | D:2      | HP: 1/43 [gnoll bouda/+0 club (9)]
  2794 | D:4      | Reached XP level 6. HP: 40/50 MP: 6/6
  2879 | D:4      | Reached skill level 5 in Fighting
  2901 | D:4      | Reached skill level 1 in Dodging
  3055 | D:4      | Found a glowing drain.
  3079 | Sewer    | Entered a sewer
  3363 | Sewer    | Reached XP level 7. HP: 56/56 MP: 7/7
  4142 | D:5      | Entered Level 5 of the Dungeon
  4381 | D:4      | HP: 1/56 [gnoll bouda/+0 whip (11)]
  4621 | D:5      | Reached XP level 8. HP: 52/62 MP: 8/8
  4758 | D:5      | Found a white marble altar of Elyvilon.
  5020 | D:5      | Reached skill level 10 in Polearms
  5020 | D:5      | Reached skill level 5 in Dodging
  5209 | D:5      | Found a glowing silver altar of Zin.
  5294 | D:6      | Noticed Pikel
  5316 | D:5      | Killed Pikel
  5565 | D:5      | Reached XP level 9. HP: 46/68 MP: 9/9
  6030 | D:6      | Found a staircase to the Ecumenical Temple.
  6061 | Temple   | Entered the Ecumenical Temple
  6112 | Temple   | Became a worshipper of Warmaster Okawaru
  6297 | D:6      | Identified the ring "Kicokyi" {rPois rF+ MP+9 Dex-5}
  6357 | D:6      | Found an ornate altar of the Wu Jian Council.
  7305 | D:7      | Found a bloodstained altar of Trog.
  7309 | D:7      | Found a runed translucent door.
  7316 | D:7      | Found a basalt altar of Yredelemnul.
  7338 | D:7      | Reached * piety under Okawaru
  7986 | D:8      | Found a burning altar of Makhleb.
  7986 | D:8      | Noticed a blizzard demon
  8030 | D:8      | Noticed a two-headed ogre
  8054 | D:8      | Killed a two-headed ogre
  8055 | D:8      | Reached skill level 5 in Armour
  8055 | D:8      | Reached skill level 10 in Dodging
  8055 | D:8      | Reached XP level 10. HP: 44/74 MP: 10/10
  8407 | D:8      | Reached skill level 1 in Invocations
  8704 | D:8      | Reached ** piety under Okawaru
  9624 | D:8      | Noticed Maggie
  9646 | D:8      | Killed Maggie
  9895 | D:8      | Found a hide-covered altar of Uskayaw.
  9898 | D:8      | Found a shimmering altar of Xom.
  9901 | D:8      | Found a radiant altar of Vehumet.
 10494 | D:9      | Reached skill level 5 in Invocations
 10504 | D:9      | Reached XP level 11. HP: 27/89 MP: 14/14
 10513 | D:9      | Found a flagged portal.
 10569 | Bailey   | Entered a bailey
 11501 | Bailey   | Reached skill level 10 in Fighting
 11569 | Bailey   | Reached *** piety under Okawaru
 12050 | Bailey   | Identified the amulet "Uruz Suo" {rElec rPois Regen+ rCorr
                  | Str-4 Slay-3}
 12163 | D:9      | Found a blossoming altar of Fedhas.
 12561 | D:9      | Found a stormy altar of Qazlal.
 12685 | D:9      | Found a staircase to the Orcish Mines.
 12762 | D:9      | Found a shimmering blue altar of Sif Muna.
 12771 | D:9      | Found a sparkling altar of Nemelex Xobeh.
 12886 | D:10     | Entered Level 10 of the Dungeon
 13209 | D:10     | Reached **** piety under Okawaru
 14087 | D:11     | Found a staircase to the Lair.
 14112 | D:11     | Noticed a tengu warrior
 14149 | D:11     | Killed a tengu warrior
 14244 | D:11     | Reached XP level 12. HP: 61/99 MP: 16/18
 14484 | D:11     | HP: 3/99 [gargoyle/+0 dire flail (7)]
 14744 | D:11     | Noticed a two-headed ogre
 14775 | D:11     | Killed a two-headed ogre
 15336 | Lair:1   | Entered Level 1 of the Lair of Beasts
 15850 | Lair:1   | Found a runed translucent gate.
 15850 | Lair:1   | Found a runed translucent gate.
 15850 | Lair:1   | Found a runed translucent gate.
 15851 | Lair:1   | Found a viscous altar of Jiyva.
 15851 | Lair:1   | Noticed Monarks's ghost (journeyman MfMo)
 16023 | Lair:1   | Reached ***** piety under Okawaru
 16130 | Lair:1   | You fall into a shaft and drop 1 floor!
 16227 | Lair:2   | Reached skill level 15 in Dodging
 16537 | Lair:2   | Reached skill level 10 in Invocations
 16546 | Lair:2   | Identified the +12 spear of Disorder {flame, rElec}
                  | (Okawaru gifted it to you on level 2 of the Lair of Beasts)
 16546 | Lair:2   | Received a gift from Okawaru
 16625 | Lair:2   | Noticed a skyshark
 16639 | Lair:2   | Killed a skyshark
 16640 | Lair:2   | Reached XP level 13. HP: 102/105 MP: 20/20
 16731 | Lair:2   | Found a hole to the Spider Nest.
 17552 | Lair:1   | Identified the +3 buckler of Submission {rF++ Str+3}
                  | (Okawaru gifted it to you on level 1 of the Lair of Beasts)
 17552 | Lair:1   | Received a gift from Okawaru
 18040 | Lair:3   | Noticed Nergalle
 18065 | Lair:3   | Killed Nergalle
 18431 | Lair:3   | Identified the ring of Guemon {Fly rPois Int+6 Stlth+}
 18563 | Lair:3   | Noticed Sonja
 18577 | Lair:3   | Killed Sonja
 18832 | Lair:3   | Found a staircase to the Swamp.
 19533 | Lair:4   | Noticed Nessos
 19995 | Lair:4   | Reached XP level 14. HP: 113/113 MP: 23/23
 20085 | Lair:4   | Killed Nessos
 20446 | Lair:4   | Identified the +6 trident "Jutzot" {spect, *Noise MP+9
                  | Int+7} (Okawaru gifted it to you on level 4 of the Lair of
                  | Beasts)
 20446 | Lair:4   | Received a gift from Okawaru
 20887 | Lair:5   | Entered Level 5 of the Lair of Beasts
 21337 | Lair:5   | Reached ****** piety under Okawaru
 21537 | Lair:5   | Identified the -1 buckler "Tiawk" {Harm rElec} (Okawaru
                  | gifted it to you on level 5 of the Lair of Beasts)
 21537 | Lair:5   | Received a gift from Okawaru
 21809 | Lair:5   | Found a staircase to the Slime Pits.
 22307 | Lair:5   | Identified the staff of conjuration "Oputes" {rPois MP+9
                  | Str+8 Int-2}
 22561 | Orc:1    | Entered Level 1 of the Orcish Mines
 22867 | Orc:1    | Noticed an orc warlord
 22972 | D:9      | Reached XP level 15. HP: 124/127 MP: 24/24
 22984 | D:9      | Reached skill level 15 in Fighting
 22998 | Orc:1    | Found a bloodstained altar of Trog.
 23173 | Orc:1    | Killed an orc warlord
 23395 | Orc:1    | Noticed an orc warlord
 23443 | Orc:1    | Killed an orc warlord
 23715 | Orc:2    | Entered Level 2 of the Orcish Mines
 23762 | Orc:2    | Identified the +0 pair of gloves of the Gardener {Will+}
                  | (Okawaru gifted it to you on level 2 of the Orcish Mines)
 23762 | Orc:2    | Received a gift from Okawaru
 24182 | Orc:2    | Found a staircase to the Elven Halls.
 24184 | Orc:2    | Identified a scroll of acquirement
 24362 | Orc:2    | Acquired the +1 pair of gloves of Fashionability {rElec
                  | rF+++ Int-2 SInv}
 24548 | Orc:2    | Found Xysuc's Jewellery Emporium.
 24548 | Orc:2    | Found Gudohu's Assorted Antiques.
 24549 | Orc:2    | Found Pulext's Antique Weapon Boutique.
 24549 | Orc:2    | Found Liept's Weapon Shoppe.
 24587 | Orc:2    | Bought the +8 demon trident "Rift" {distort, reach+} for
                  | 1267 gold pieces
 24587 | Orc:2    | Found the +8 demon trident "Rift" {distort, reach+}
 24590 | Orc:2    | Bought a shimmering amber ring for 145 gold pieces
 24590 | Orc:2    | Identified the ring of Paranoia {Fire +Blink rPois Will+}
                  | (You bought it in a shop on level 2 of the Orcish Mines)
 25607 | D:13     | Found a frozen archway.
 25617 | IceCv    | Entered an ice cave
 25664 | IceCv    | Identified the +1 animal skin "Vuem Zus" {Harm Int+2}
                  | (Okawaru gifted it to you in an ice cave)
 25664 | IceCv    | Received a gift from Okawaru
 25863 | IceCv    | Noticed a frost giant
 25885 | IceCv    | Killed a frost giant
 25955 | IceCv    | Reached XP level 16. HP: 141/141 MP: 25/25
 26426 | D:13     | Found a white marble altar of Elyvilon.
 26628 | D:13     | You fall into a shaft and drop 2 floors!
 26628 | D:15     | Entered Level 15 of the Dungeon
 26804 | D:15     | Found a bloodstained altar of Trog.
 26862 | D:14     | Found a gate to the Vaults.
 27102 | D:14     | Identified the +5 broad axe of Okawaru's Pride {pain, rF+
                  | Str+4} (Okawaru gifted it to you on level 14 of the
                  | Dungeon)
 27102 | D:14     | Received a gift from Okawaru
 27321 | D:14     | Found a runed translucent gate.
 27321 | D:14     | Found a runed translucent gate.
 27321 | D:14     | Found a runed translucent gate.
 27321 | D:14     | Noticed Xesmix's ghost (journeyman FeEn)
 27323 | D:14     | Found a basalt altar of Yredelemnul.
 27368 | D:14     | Killed Xesmix's ghost
 28029 | Lair:1   | Killed Monarks's ghost
 28272 | D:15     | Noticed Kirke
 28484 | D:15     | Killed Kirke
 28769 | D:15     | Received a gift from Okawaru
 28784 | D:15     | Found a staircase to the Depths.
 29181 | D:15     | Reached XP level 17. HP: 144/153 MP: 26/26
 29539 | Swamp:1  | Entered Level 1 of the Swamp
 29539 | Swamp:1  | Noticed Aizul
 29539 | Swamp:1  | Noticed Frances
 29554 | Lair:3   | Killed Aizul
 29643 | Arena    | Entered the Arena
 29654 | Arena    | Killed Frances
 29917 | Swamp:1  | Found an ornate altar of the Wu Jian Council.
 29944 | Swamp:1  | Noticed Josephine
 29963 | Swamp:1  | Killed Josephine
 30089 | Swamp:1  | Identified the ring of Meujuji {rF+ Will+ rCorr Dex-4}
 30310 | Swamp:2  | Paralysed by a fenstrider witch for 4 turns
 30616 | Swamp:2  | Received a gift from Okawaru
 30853 | Swamp:3  | Noticed Louise
 31099 | Swamp:3  | Banished Louise
 31609 | Swamp:4  | Entered Level 4 of the Swamp
 32089 | Swamp:4  | Received a gift from Okawaru
 32090 | Swamp:4  | Reached XP level 18. HP: 114/166 MP: 27/27
 32171 | Swamp:4  | Reached XP level 19. HP: 175/175 MP: 28/28
 32269 | Swamp:4  | Received a gift from Okawaru
 32456 | Swamp:4  | Got a decaying rune of Zot
 32721 | Spider:1 | Entered Level 1 of the Spider Nest
 32984 | Spider:1 | Identified the +2 ring mail of the Onion {Contam +Inv Dex+3
                  | SInv}
 33052 | Spider:1 | Got the Lectures on Topological Guile
 34497 | Spider:3 | Noticed Nikola
 34501 | Spider:3 | Noticed Arachne
 34751 | Spider:3 | Killed Arachne
 34757 | Spider:3 | Banished Nikola
 36042 | Spider:4 | Entered Level 4 of the Spider Nest
 36359 | Spider:4 | Noticed Donald
 36363 | Spider:4 | Received a gift from Okawaru
 36499 | Spider:3 | Banished Donald
 36681 | Spider:4 | Reached XP level 20. HP: 154/174 MP: 29/29
 36941 | Spider:4 | Got a gossamer rune of Zot
 37086 | Spider:4 | Noticed Roxanne
 37087 | Arena    | Entered the Arena
 37107 | Arena    | Killed Roxanne
 37516 | Vaults:1 | Entered Level 1 of the Vaults
 38700 | D:14     | Identified the +8 trident of Obsession {heavy, rCorr
                  | Stlth+} (Okawaru gifted it to you on level 14 of the
                  | Dungeon)
 38700 | D:14     | Received a gift from Okawaru
 40099 | Vaults:2 | Found a staircase to the Crypt.
 40482 | Vaults:2 | Identified the +1 pair of boots of Okawaru's Delight {Drain
                  | Str+7 Slay+4} (Okawaru gifted it to you on level 2 of the
                  | Vaults)
 40482 | Vaults:2 | Received a gift from Okawaru
 40816 | Vaults:2 | Reached XP level 21. HP: 201/201 MP: 30/30
 42105 | Vaults:2 | Reached skill level 27 in Dodging
 42305 | Vaults:3 | Reached skill level 27 in Fighting
 42406 | Vaults:3 | Found a runed translucent door.
 42408 | Vaults:3 | Noticed Joll's ghost (adept FoRe)
 42425 | Vaults:3 | Killed Joll's ghost
 43448 | Vaults:4 | Received a gift from Okawaru
 43527 | Vaults:4 | Reached skill level 5 in Shields
 43537 | Arena    | Entered the Arena
 43924 | Vaults:4 | Found the +8 storm bow {elec, penet}
 44399 | Depths:1 | Entered Level 1 of the Depths
 44443 | Depths:1 | Reached XP level 22. HP: 201/212 MP: 31/31
 44551 | Depths:1 | Found a one-way gate to the infinite horrors of the Abyss.
 44634 | Depths:1 | Found a one-way gateway to a ziggurat.
 44750 | Depths:1 | Found Hetzuqaf's Assorted Antiques.
 44754 | Depths:1 | Found Murefeex's Assorted Antiques.
 44818 | Depths:1 | Bought a runed helmet for 390 gold pieces
 45123 | Depths:1 | Found a sacrificial altar of Ru.
 45301 | Depths:1 | Found a gateway to Hell.
 46257 | Depths:2 | Noticed a caustic shrike
 46266 | Depths:2 | Killed a caustic shrike
 46275 | Depths:2 | Reached skill level 10 in Armour
 46310 | Depths:2 | Received a gift from Okawaru
 46428 | Depths:2 | Noticed a juggernaut
 46430 | Depths:2 | Noticed a caustic shrike
 46449 | Depths:2 | Killed a juggernaut
 46459 | Depths:2 | Killed a caustic shrike
 46868 | Depths:2 | Noticed a golden dragon
 46907 | Depths:2 | Banished a golden dragon
 47135 | Depths:2 | Identified the ring "Okiagro" {Contam Fly rElec rF+ rCorr}
 47461 | Depths:2 | Received a gift from Okawaru
 47739 | Depths:2 | Reached XP level 23. HP: 218/219 MP: 32/32
 47767 | Depths:2 | Found a one-way gate leading to the halls of Pandemonium.
 48125 | Depths:3 | Reached skill level 10 in Shields
 48630 | Depths:3 | Received a gift from Okawaru
 49212 | Depths:4 | Entered Level 4 of the Depths
 49497 | Depths:4 | Noticed a golden dragon
 49510 | Depths:4 | Killed a golden dragon
 49635 | Depths:4 | Found a gate to the Realm of Zot.
 49752 | Depths:4 | Received a gift from Okawaru
 50676 | Elf:1    | Entered Level 1 of the Elven Halls
 50912 | Elf:1    | Paralysed by an air elemental for 1 turns
 51163 | Elf:1    | Got the Secrets of Supportive Momentum
 51194 | Elf:1    | Learned a level 2 spell: Wereblood
 51196 | Elf:1    | Paralysed by an air elemental for 1 turns
 51681 | Elf:2    | Reached skill level 1 in Transmutations
 51719 | Elf:2    | Received a gift from Okawaru
 51720 | Elf:2    | Reached XP level 24. HP: 223/227 MP: 32/32
 51746 | Elf:2    | Found Kaggerph's Overcharged Wands.
 51997 | Elf:2    | Reached skill level 5 in Transmutations
 52138 | Elf:2    | Found a runed translucent gate.
 52139 | Elf:2    | Found a runed translucent gate.
 52139 | Elf:2    | Found a runed translucent gate.
 52452 | Elf:2    | Reached skill level 1 in Spellcasting
 53059 | Vaults:4 | Identified the +8 spear of Cataclysm {antimagic, +Blink rN+
                  | Str+3 Int-5} (Okawaru gifted it to you on level 4 of the
                  | Vaults)
 53059 | Vaults:4 | Received a gift from Okawaru
 53163 | Vaults:5 | Entered Level 5 of the Vaults
 53236 | Arena    | Entered the Arena
 53530 | Vaults:4 | Identified the +0 helmet of Jorgh {Fly Int+2} (Okawaru
                  | gifted it to you on level 4 of the Vaults)
 53530 | Vaults:4 | Received a gift from Okawaru
 53650 | Vaults:5 | Reached skill level 5 in Spellcasting
 53662 | Vaults:5 | Reached skill level 15 in Armour
 53971 | Abyss:3  | Cast into level 3 of the Abyss (a deep elf demonologist)
 54004 | Abyss:3  | Killed Donald
 54102 | Abyss:3  | Reached XP level 25. HP: 56/234 MP: 32/32
 54124 | Abyss:3  | Killed Louise
 54175 | Abyss:3  | HP: 1/234 [vault warden/+0 dire flail (34)]
 54178 | Abyss:3  | Slain by a vault warden

Illustrated notes

Levels and vault maps discovered:
D:1:      nagdon_arrival_zigzag_paths, layout_basic, nicolae_nh_oracle_at_delphi
D:2:      layout_basic, uniq_terence
D:3:      layout_basic, serial_shops, nicolae_shop_gaudy_bauble
D:4:      layout_cave_pools, gup_sewer_entry_glass,
          amcnicky_mini_rare_corridor_liquid, minmay_distorted
D:5:      layout_cave_pools, lemuel_crystal_altar, mainiacjoe_overflow_paths,
          minivault_25
D:6:      layout_rooms, nicolae_wu_jian_immortal_techniques,
          minmay_temple_entry_glassed_door, nicolae_benzene_ring,
          minmay_strange_pillars, uniq_pikel
D:7:      layout_layer_cave, dk_yredelemnul_ordeal, lemuel_crystal_altar,
          minmay_misc_feat_roman
D:8:      cheibrodos_fertilizer, layout_basic, makhleb_altar_promises_db,
          grunt_temple_overflow_diamond, st_stairs_11, uniq_maggie
D:9:      layout_basic, fedhas_bush_and_centaur_altar, grunt_qazlal_sundering,
          mainiacjoe_overflow_big_doors, orc_0_dummy, enter_bailey_3
D:10:     layout_roguey
D:11:     layout_loops_ring, erik_lair_island, minmay_misc_feat_room,
          minivault_1, hangedman_misty_isle
D:12:     layout_cave_pods
D:13:     layout_rooms, portal_ice_cave_rime, elyvilon_altar_5
D:14:     layout_basic, lightli_vaults_fourway_checkpoint,
          chequers_decorated_corner, nicolae_yredelemnul_ghost_church
D:15:     grunt_enter_depths_snipers, layout_basic, lemuel_round_altar,
          st_stairs_3, drop_trap, uniq_kirke
Temple:   corrupted_temple
Lair:1:   layout_regular_city, gammafunk_ghost_ooze
Lair:2:   layout_roguey, nicolae_spider_entry_tight_spaces,
          gauntlet_entry_generic, infiniplex_staircase_pool
Lair:3:   layout_cave_pods, nicolae_swamp_entry_splash_gauntlet, uniq_sonja,
          uniq_nergalle
Lair:4:   layout_cave_pods, serial_bayou_shore_b, serial_bayou_shore_b,
          uniq_nessos
Lair:5:   grunt_lair_end_beastmaster, layout_loops_ring, slime_entry_1,
          nicolae_lair_liquid_snakes
Swamp:1:  layout_falls_marsh, nicolae_swamp_godswood,
          nicolae_swamp_hydra_murder_den, uniq_aizul, uniq_frances,
          uniq_josephine
Swamp:2:  layout_basic_swamp, hangedman_swamp_blocks
Swamp:3:  layout_basic_swamp, nicolae_swamp_some_circles, swamp_pool3,
          uniq_louise
Swamp:4:  swamp_basic_johnstein, layout_basic_swamp
Spider:1: layout_spider_delve
Spider:2: layout_spider_delve, drop_trap, nicolae_spider_stair_cavern
Spider:3: layout_chambers, uniq_arachne, uniq_nikola
Spider:4: hellmonk_spider_rune_bug_friends, uniq_donald, uniq_roxanne
Orc:1:    lemuel_ogre_cave, layout_caves, trog_butcher_becter
Orc:2:    st_orc_ogre_mass, layout_caves
Elf:1:    nicolae_elf_arrival_fired_up, layout_onion_city, minmay_elf_sorcery
Elf:2:    nicolae_elf_blades_crystal_corner, layout_geoelf_octagon, special_room
          [special_room_mythical_zoo], serial_glass, glass_columns_a,
          glass_columns_a, minmay_strange_pillars, feat_on_display,
          item_on_display_a, nicolae_shop_overcharged_wands
Vaults:1: nicolae_vaults_network_s, v_pattern_2, nicolae_vaults_triangles,
          v_misc_28, v_alt_pattern_1, ontoclasm_vaults_eye, vaults_room_fours,
          nicolae_vaults_double_plus_2, nicolae_vaults_loss_of_containment,
          nicolae_vaults_tetromino_Z_1, layout_vaults_chaotic_city
Vaults:2: v_misc_9, minmay_crypt_entry_simple_statues, hangedman_vaults_nodes,
          nicolae_vaults_storage_room_statues, nicolae_vaults_more_shelving_2,
          nicolae_vaults_heart-shaped_vault, v_rooms_1, nicolae_vaults_meeting,
          v_misc_9, vaults_dpeg_doors, ontoclasm_vaults_ligature,
          nicolae_vaults_house_1, layout_vaults_ring, serial_glass
Vaults:3: ebering_ghost_reflecting_pool, ontoclasm_vaults_misaligned,
          nicolae_vaults_ring_of_whatevers, nicolae_vaults_weapon_check,
          hangedman_vaults_stream, nicolae_vaults_door_testing_chamber,
          v_misc_30, v_misc_10, ontoclasm_vaults_shuriken, v_misc_29,
          ontoclasm_vaults_hangar, nicolae_vaults_tetromino_T_1,
          nicolae_vaults_tetromino_L_1, hangedman_vaults_impose,
          layout_vaults_omnibox
Vaults:4: vaults_room_fours, nicolae_vaults_twisting_passages,
          nicolae_vaults_bisected_exclaves, nicolae_vaults_hallways_thing,
          nicolae_vaults_trapezoid_lopsided_1, vaults_dpeg_spiral,
          nicolae_vaults_six-pack, st_hourglassy,
          nicolae_vaults_heart-shaped_vault, vaults_room_stairs_pillars,
          nicolae_vaults_yaktaur_gun_rack, layout_vaults_maze_snakey
Vaults:5
Depths:1: layout_cave_shapes, enter_ziggurat_e, grunt_mini_vestibule,
          abyss_entry_glasseish, serial_bayou_pond_a,
          nicolae_ru_great_annihilating_truth, minmay_shop_star
Depths:2: hangedman_box_tower, layout_gridville, hell_entry,
          serial_sigils_hangedman_scar, grunt_pan_entry_in_and_out
Depths:3: dreamdust_merry_men, layout_gridlike, hell_entry,
          kennysheep_pointless_box, hangedman_abyss_entry_splay,
          minmay_misc_feat_diagonals
Depths:4: evilmike_zot_entry_diamond, layout_gridlike, minmay_misc_feat_iff,
          pf_coc_iceberg, grunt_megastairs_5
Abyss:3:  base: Gauntlet, spicy_abyss_rude_harpoons

Skill      XL: |  1  2  3  4  5  6  7  8  9 10 11 12 13 14 15 16 17 18 19 20 21 22 23 24 |
---------------+-------------------------------------------------------------------------+-----
Polearms       | 3 4 5 6 7 9 11 12 13 14 | 14.4
Fighting       | 4 5 9 10 11 14 17 19 21 22 24 26 27 | 27.0
Dodging        | 2 4 6 10 12 16 19 20 21 22 23 25 26 27 | 27.0
Armour         | 5 8 11 14 15 | 15.4
Invocations    | 5 8 10 12 | 12.0
Shields        | 5 9 12 13 | 13.5
Transmutations | 1 6 |  6.0
Spellcasting   | 6 |  6.8

Action                     |  1- 3 |  4- 6 |  7- 9 | 10-12 | 13-15 | 16-18 | 19-21 | 22-24 | 25-27 || total
---------------------------+-------+-------+-------+-------+-------+-------+-------+-------+-------++-------
  Melee: Trident           |   103 |   124 |       |       |       |       |       |       |       ||   227
         Spear             |       |   130 |   437 |  2229 |  1801 |       |       |       |       ||  4597
         Tailslap          |       |     3 |       |    21 |     1 |    10 |    13 |     1 |       ||    49
         Demon trident     |       |       |       |       |   176 |  1073 |  2073 |  1765 |    67 ||  5154
         Unarmed           |       |       |       |       |       |    33 |       |       |       ||    33
  Throw: Throwing net      |       |       |     1 |     1 |       |       |       |       |       ||     2
         Dart              |       |       |       |     1 |     1 |       |       |       |       ||     2
   Cast: Wereblood         |       |       |       |       |       |       |       |     1 |       ||     1
 Invoke: Heroism           |       |       |       |    10 |     6 |     2 |     4 |     4 |       ||    26
         Finesse           |       |       |       |     2 |     5 |     2 |     6 |     4 |     1 ||    20
         Duel              |       |       |       |       |       |     1 |     2 |     1 |       ||     4
  Evoke: Wand              |       |     2 |     1 |     1 |     5 |       |       |     2 |       ||    11
    Use: Scroll            |     3 |     2 |     3 |     4 |    10 |    11 |     2 |     4 |     1 ||    40
         Potion            |       |       |     2 |     7 |     1 |     1 |       |     8 |     6 ||    25
   Stab: Paralysed         |       |     2 |     1 |       |       |       |       |     1 |       ||     4
         Held in net/web   |       |       |     1 |     2 |       |       |       |       |       ||     3
         Sleeping          |       |       |       |     1 |     1 |     2 |     3 |     6 |       ||    13
         Distracted        |       |       |       |       |     1 |       |     2 |     2 |       ||     5
         Confused          |       |       |       |       |       |       |     1 |       |       ||     1
 Armour: Scale mail        |    39 |    59 |    71 |    39 |       |       |       |       |       ||   208
         Steam dragon scal |       |       |       |   254 |   255 |   136 |   235 |   156 |     2 ||  1038
  Dodge: Dodged            |    43 |    97 |   141 |   908 |   858 |   480 |   984 |   678 |    19 ||  4208
  Block: Buckler           |    21 |    40 |    61 |   255 |   385 |   205 |   336 |   314 |     6 ||  1623

Table legend: (Time is in decaauts)
 A = Elapsed time spent in this place.
 B = Non-inter-level travel time spent in this place.
 C = Inter-level travel time spent in this place.
 D = Time resting spent in this place.
 E = Time spent auto-exploring this place.
 F = Levels seen in this place.
 G = Mean time per level.
                   A        B        C        D        E       F      G
               +--------+--------+--------+--------+--------+-----+--------+
         Total |  49699 |  46725 |   2974 |   8505 |  26201 |  50 |  994.0 |
       Dungeon |  17266 |  16157 |   1109 |   3266 |   9550 |  15 | 1151.1 |
        Temple |     67 |     39 |     28 |      0 |     30 |   1 |   67.0 |
          Lair |   6532 |   5933 |    599 |    458 |   3842 |   5 | 1306.4 |
         Swamp |   2481 |   2365 |    116 |    274 |   1343 |   4 |  620.2 |
   Spider Nest |   4340 |   4106 |    234 |    584 |   2616 |   4 | 1085.0 |
  Orcish Mines |   1956 |   1746 |    210 |     81 |    989 |   2 |  978.0 |
   Elven Halls |   1951 |   1797 |    154 |    184 |   1192 |   2 |  975.5 |
        Vaults |   6890 |   6520 |    370 |   1906 |   2785 |   5 | 1378.0 |
        Depths |   5652 |   5500 |    152 |   1169 |   2873 |   4 | 1413.0 |
         Abyss |     87 |     87 |      0 |      0 |      0 |   1 |   87.0 |
         Sewer |    318 |    318 |      0 |      0 |    147 |   1 |  318.0 |
        Bailey |   1410 |   1410 |      0 |    567 |    441 |   1 | 1410.0 |
      Ice Cave |    684 |    684 |      0 |      0 |    390 |   1 |  684.0 |
         Arena |     60 |     60 |      0 |     14 |      0 |   4 |   15.0 |
               +--------+--------+--------+--------+--------+-----+--------+

Top non-repeatable levels by time:
     D:8: 2207 daAuts
Depths:2: 2064 daAuts
Vaults:4: 1988 daAuts
Vaults:1: 1775 daAuts
Vaults:2: 1741 daAuts
Spider:3: 1730 daAuts
    D:11: 1645 daAuts
  Lair:3: 1556 daAuts
  Bailey: 1410 daAuts
    D:14: 1372 daAuts
  Lair:5: 1342 daAuts
Depths:1: 1330 daAuts
     D:5: 1303 daAuts
  Lair:4: 1291 daAuts
Vaults:3: 1282 daAuts
